 Dungeon Crawl Stone Soup version 0.30-a0-728-gc68057be0a (webtiles) character file.

Game seed: 11486145337307880272

41 Dittersdorf the Covered (level 3, 0/24 HPs)
             Began as a Gargoyle Fighter on Jan 31, 2023.
             Slain by Sigmund
             ... wielding a +0 scythe
              (2 damage)
             ... on level 3 of the Dungeon.
             The game lasted 00:01:37 (1131 turns).

Dittersdorf the Covered (Gargoyle Fighter)          Turns: 1131, Time: 00:01:37

Health: 0/24       AC: 13    Str: 21    XL:     3   Next: 52%
Magic:  3/3        EV:  7    Int:  8    God:
Gold:   164        SH:  4    Dex:  9    Spells: 2/2 levels left

rFire   . . .      SeeInvis .    a - +0 flail
rCold   + . .      Faith    .    c - +0 buckler
rNeg    + . .      Spirit   .    m - +0 chain mail
rPois   ∞          Reflect  .    (no helmet)
rElec   +          Harm     .    (no cloak)
rCorr   .          Rampage  .    e - +0 pair of gloves
Will    .....                    (no boots) Stlth
                                 (no amulet)
HPRegen 0.24/turn                k - ring of protection from cold
MPRegen 0.08/turn                (no ring)

@: no status effects
A: sickness immunity, AC +3, negative energy resistance 1, electricity
resistance, torment resistance 1, petrification resistance
a: no special abilities


You were on level 3 of the Dungeon.
You visited 1 branch of the dungeon, and saw 3 of its levels.

You collected 164 gold pieces.

Inventory:

Hand Weapons
 a - a +0 flail (weapon)
Missiles
 l - 4 poisoned darts (quivered)
Armour
 c - a +0 buckler (worn)
 e - a +0 pair of gloves (worn)
 m - a +0 chain mail (worn)
Jewellery
 k - a ring of protection from cold (left hand)
Wands
 o - a wand of flame (9)
Scrolls
 b - a scroll of acquirement {unknown}
 h - a scroll of noise {unknown}
 i - a scroll of identify {unknown}
 j - 2 scrolls of teleportation {unknown}
 n - a scroll of magic mapping {unknown}
 p - 2 scrolls of enchant weapon {unknown}
 q - a scroll of amnesia {unknown}
Potions
 d - a potion of might
 f - 3 potions of curing {unknown}
 g - a potion of degeneration {unknown}
 r - a potion of brilliance {unknown}


   Skills:
 + Level 3.7 Fighting
 + Level 2.5 Maces & Flails
 + Level 3.7 Armour
 + Level 3.7 Shields


You had 2 spell levels left.
You didn't know any spells.
Your spell library was empty.

Dungeon Overview and Level Annotations

Branches:
Dungeon (3/15)

Altars:
Zin

Annotations:
D:3 Sigmund


Innate Abilities, Weirdness & Mutations

You are immune to sickness and miasma.
Your stone body is resilient. (AC +3)
You are immune to poison.
You resist negative energy. (rN+)
You are resistant to electric shocks. (rElec)
You are resistant to unholy torment.
You are immune to petrification.


Message History

Sigmund is lightly wounded.
Sigmund gestures at you while chanting.
The magic dart hits you but does no damage.
Sigmund hits you but does no damage.
You closely miss Sigmund.
Sigmund is lightly wounded.
You bump into the rock wall.
Sigmund hits you but does no damage.
You bump into the rock wall.
Sigmund casts a spell at you. The magic dart hits you!
You bump into the rock wall.
Sigmund hits you but does no damage.
You're too confused to move!
You closely miss Sigmund.
Sigmund is lightly wounded.
Sigmund barely misses you. Sigmund hits you but does no damage.
You bump into the rock wall.
Sigmund points at you and mumbles some strange words.
The puff of flame hits you! Sigmund hits you but does no damage.
You feel less confused.
You barely miss Sigmund.
Sigmund is lightly wounded.
Sigmund hits you but does no damage.
You closely miss Sigmund.
Sigmund is lightly wounded.
Sigmund hits you with a +0 scythe.
* * * LOW HITPOINT WARNING * * *
You barely miss Sigmund.
Sigmund is lightly wounded.
You block Sigmund's attack.
You barely miss Sigmund.
Sigmund is lightly wounded.
Sigmund points at you and mumbles some strange words.
The magic dart hits you.
* * * LOW HITPOINT WARNING * * *
You thump Sigmund!
Sigmund is heavily wounded.
Sigmund hits you with a +0 scythe.
You die...

...## #.#####.# ...># #.#
#.# ....#
###.#####.######## ....#
#................# ....#
#.#.#.#.#.#####.##
....####.#.#.#...#.....<#
###......#.#.#####.#.#.##
#.######.#.....#.###.##
#.# #.#####@#......# #)#
#.# #@######## #.# #.#
#.# #.# #.# ###.######
..# .........# ###
....####.# ....# ....#


You could see Sigmund.

Vanquished Creatures
  A worm (D:3)
  3 dart slugs
  2 ball pythons
  2 bats (D:1)
  4 endoplasms
  2 giant cockroaches
  3 goblins (D:1)
  2 hobgoblins (D:1)
  5 kobolds
  4 frilled lizards
  4 rats (D:1)
32 creatures vanquished.

Notes
Turn   | Place    | Note
-------+----------+-------------------------------------------
     0 | D:1      | Dittersdorf the Gargoyle Fighter began the quest for the
                  | Orb.
     0 | D:1      | Reached XP level 1. HP: 14/14 MP: 1/1
   166 | D:1      | Reached XP level 2. HP: 16/19 MP: 2/2
   367 | D:1      | Reached XP level 3. HP: 23/23 MP: 3/3
   561 | D:1      | Found a faded altar of an unknown god.
   656 | D:2      | Found a glowing silver altar of Zin.
  1103 | D:3      | Noticed Sigmund
  1131 | D:3      | Slain by Sigmund

Illustrated notes

Levels and vault maps discovered:
D:1:      dpeg_arrival_snail, layout_rooms, shapermc_ecumenical_altar_pompeii
D:2:      layout_basic, basic_altar
D:3:      layout_basic, uniq_terence, uniq_sigmund

Action                     || total
---------------------------++-------
  Melee: Flail             ||   102
 Armour: Scale mail        ||    47
         Chain mail        ||    17
  Dodge: Dodged            ||    45
  Block: Buckler           ||    17

Table legend: (Time is in decaauts)
 A = Elapsed time spent in this place.
 B = Non-inter-level travel time spent in this place.
 C = Inter-level travel time spent in this place.
 D = Time resting spent in this place.
 E = Time spent auto-exploring this place.
 F = Levels seen in this place.
 G = Mean time per level.
                   A        B        C        D        E       F      G
               +--------+--------+--------+--------+--------+-----+--------+
         Total |   1162 |    998 |    164 |      0 |    705 |   3 |  387.3 |
       Dungeon |   1162 |    998 |    164 |      0 |    705 |   3 |  387.3 |
               +--------+--------+--------+--------+--------+-----+--------+

Top non-repeatable levels by time:
     D:1: 671 daAuts
     D:2: 321 daAuts
     D:3: 170 daAuts
